 Dungeon Crawl Stone Soup version 0.31.0-9-g3a7656b989 (webtiles) character file.

Game seed: 13169841149481820300

65 qw the Shooter (level 3, 0/20 HPs)
             Began as a Deep Elf Hunter on Feb 2, 2024.
             Slain by a scorpion (5 damage)
             ... on level 4 of the Dungeon.
             The game lasted 00:00:04 (1214 turns).

qw the Shooter (Deep Elf Hunter)                    Turns: 1214, Time: 00:00:05

Health: 0/20       AC:  5    Str: 10    XL:     3   Next: 94%
Magic:  5/5        EV: 11    Int: 13    God:
Gold:   104        SH:  0    Dex: 18    Spells: 2/2 levels left

rFire   . . .        a - +0 shortbow
rCold   . . .        (shield currently unavailable)
rNeg    . . .        e - +0 ring mail
rPois   .            (no helmet)
rElec   .            (no cloak)
rCorr   .            (no gloves)
SInv    .            (no boots)
Will    .....        (no amulet)
Stlth   +            (no ring)
HPRegen 0.23/turn    (no ring)
MPRegen 0.09/turn

%: no passive effects
@: lethally poisoned (0 -> -4)
A: no striking features
a: no special abilities


You were on level 4 of the Dungeon.
You visited 1 branch of the dungeon, and saw 3 of its levels.

You collected 160 gold pieces.
You spent 56 gold pieces at shops.


   Skills:
 - Level 1.5 Fighting
 + Level 7.4 Ranged Weapons
 - Level 2.4 Dodging
 - Level 1.2 Stealth


You had 2 spell levels left.
You didn't know any spells.
Your spell library was empty.

Inventory:

Hand Weapons
 a - a +0 shortbow (weapon)
Armour
 e - a +0 ring mail (worn)
Scrolls
 b - a scroll of fear {unknown}
Potions
 c - a potion of heal wounds {unknown}
 d - a potion of cancellation {unknown}

Dungeon Overview and Level Annotations

Branches:
Dungeon (2/15)

Altars:

Shops:
D:1 [


Message History

Found a hand axe.
You now have 104 gold pieces (gained 11).
A hobgoblin comes into view.
Found a stone staircase leading down.
You shoot an arrow. The arrow hits the hobgoblin.
The hobgoblin shouts!
The hobgoblin is moderately wounded.
You shoot an arrow. The arrow hits the hobgoblin.
The hobgoblin is almost dead.
A scorpion comes into view.
You shoot an arrow. The arrow hits the hobgoblin.
You kill the hobgoblin!
You shoot an arrow. The arrow hits the scorpion.
The scorpion is lightly wounded.
You shoot an arrow.
The arrow completely misses the scorpion.
You shoot an arrow.
The arrow hits the scorpion but does no damage.
The scorpion is lightly wounded.
The scorpion barely misses you.
You shoot an arrow. The arrow barely misses the scorpion.
The scorpion closely misses you. The scorpion stings you!
You shoot an arrow.
The arrow hits the scorpion but does no damage.
You hear a shout!
A kobold comes into view. It is wielding a +0 short sword.
The scorpion closely misses you.
You shoot an arrow. The arrow closely misses the scorpion.
The scorpion barely misses you. The scorpion stings you.
You are poisoned.
The scorpion poisons you!
You shoot an arrow. The arrow barely misses the scorpion.
You feel very sick. The scorpion closely misses you.
You shoot an arrow.
The arrow hits the scorpion but does no damage.
You feel sick.
The scorpion stings you but does no damage.
The scorpion stings you.
You die...

.# #)# ######## .# #.#
#....^.# .# #.# #......#
.. #.# #......# .###.#
#......####### .....#
#............#
....######.......###.##
###.#............#
..#.#..........)@#
................Ks..%.>#
#.#.#..........#...#.#.#
..#.#..........##.## .
#####...###### ... .
#...# ###. #...# #.}.#
#...#


You could see a scorpion and a kobold.

Vanquished Creatures
  2 adders (D:2)
  3 dart slugs
  3 endoplasms
  2 giant cockroaches (D:2)
  6 goblins
  3 hobgoblins
  4 jackals (D:1)
  2 quokkas (D:1)
  6 ball pythons
  3 bats
  2 frilled lizards (D:2)
  A kobold (D:1)
  3 rats
40 creatures vanquished.

Notes
Turn   | Place    | Note
-------+----------+-------------------------------------------
     0 | D:1      | qw the Deep Elf Hunter began the quest for the Orb.
     0 | D:1      | Reached XP level 1. HP: 12/12 MP: 3/3
     0 | D:1      | 0 ||| qw: Version: 0.3-a-155-g5e7d8dd
     0 | D:1      | 0 ||| qw: Game counter: 671
     0 | D:1      | 0 ||| qw: Melee chars always use a shield: true
     0 | D:1      | 0 ||| qw: God list: Okawaru
     0 | D:1      | 0 ||| qw: Allow faded altars: false
     0 | D:1      | 0 ||| qw: Do Orc after clearing Dungeon:15 true
     0 | D:1      | 0 ||| qw: Do second Lair branch before Depths: true
     0 | D:1      | 0 ||| qw: Lair rune preference: random
     0 | D:1      | 0 ||| qw: Goals: Normal
     0 | D:1      | 0 ||| PLANNING D:1-11
    93 | D:1      | Reached XP level 2. HP: 16/16 MP: 4/4
   100 | D:1      | Reached skill level 6 in Ranged Weapons
   691 | D:1      | Found Xeudunk's Armour Boutique.
   700 | D:1      | 700 ||| BUYING +0 ring mail (56 gold).
   700 | D:1      | Bought a +0 ring mail for 56 gold pieces
   700 | D:1      | 700 ||| SHOPLISTING +2 hat "Wyedyri" {rCorr Int+5} (519
                  | gold, have 9).
   804 | D:1      | 804 ||| UPGRADING to +0 ring mail.
   814 | D:1      | 814 ||| DROPPING +0 leather armour.
   815 | D:1      | 815 ||| READING scroll labelled NEC GETAGAUCLUN.
   816 | D:1      | 816 ||| DROPPING scroll of butterflies.
   857 | D:2      | 857 ||| FLEEEEING.
   859 | D:2      | 859 ||| FLEEEEING.
   861 | D:2      | 861 ||| FLEEEEING.
   863 | D:2      | 863 ||| STAIRDANCE
   873 | D:2      | Reached XP level 3. HP: 19/20 MP: 5/5
  1003 | D:2      | Reached skill level 7 in Ranged Weapons
  1161 | D:2      | You fall into a shaft and drop 2 floors!
  1205 | D:4      | Noticed a scorpion
  1214 | D:4      | HP: 5/20 [poisoned by a scorpion]
  1214 | D:4      | Slain by a scorpion

Levels and vault maps discovered:
D:1:      minmay_arrival_four_circles, layout_basic, serial_shops, shop,
          chequers_avenue, nicolae_figureground_sparkle
D:2:      layout_loops_ring, chequers_serial_rivers_marsh
D:4:      layout_basic, kennysheep_mini, nicolae_elevator_lobby_plus

Skill      XL: |  1  2  3 |
---------------+----------+-----
Ranged Weapons | 6 7 |  7.4
Fighting       | |  1.5
Dodging        | |  2.4
Stealth        | |  1.2

Action                     || total
---------------------------++-------
   Fire: Shortbow          ||   116
    Use: Scroll            ||     1
 Armour: Ring mail         ||    23
         Leather armour    ||     1
  Dodge: Dodged            ||    31

Table legend:
 A = Non-vault XP
 B = Vault XP
 C = Vault XP percentage of total XP
 D = Non-vault monster count
 E = Vault monster count
 F = Vault count percentage of total count
                 A         B        C        D         E       F
            +---------+---------+-------+---------+---------+-------
      Total |      94 |       0 |   0.0 |      40 |       0 |   0.0
            +---------+---------+-------+---------+---------+-------
        D:1 |      39 |       0 |   0.0 |      22 |       0 |   0.0
        D:2 |      49 |       0 |   0.0 |      14 |       0 |   0.0
        D:4 |       6 |       0 |   0.0 |       4 |       0 |   0.0
            +---------+---------+-------+---------+---------+-------
